 Dungeon Crawl Stone Soup version 0.30.1-11-g7821555f0a (webtiles) character file.

Game seed: 654266653880355183

4225 hawla the Cruncher (level 10, -3/78 HPs)
             Began as a Black Draconian Conjurer on Jan 10, 2024.
             Collided with a rock wall (13 damage)
             ... caused by Erica
             ... on level 8 of the Dungeon.
             The game lasted 00:23:11 (8901 turns).

hawla the Cruncher (Black Draconian Conjurer)       Turns: 8901, Time: 00:23:11

Health: -3/78      AC:  7    Str: 12    XL:     10   Next: 9%
Magic:  10/24      EV: 13    Int: 28    God:
Gold:   455        SH:  0    Dex:  9    Spells: 9/16 levels left

rFire   + . .        q - +7 spear of Xeelopt {flame, Str+2 Int+5}
rCold   + . .        (no shield)
rNeg    . . .        (body armour unavailable)
rPois   .            (helmet restricted)
rElec   +            m - scarf {rC+ rF+}
rCorr   .            (no gloves)
SInv    .            (no boots)
Will    .....        (no amulet)
Stlth   +            g - ring of magical power
HPRegen 0.33/turn    (no ring)
MPRegen 0.19/turn

%: no passive effects
@: confused, lethally poisoned (-3 -> -11), ambrosia-drunk, slowed, very slow
A: breathe lightning, AC +7, unfitting armour, electricity resistance,
cold-blooded
a: Breathe Lightning


You were on level 8 of the Dungeon.
You visited 1 branch of the dungeon, and saw 8 of its levels.
You also visited: Sewer.

You collected 455 gold pieces.

Inventory:

Hand Weapons
 q - the +7 spear of Xeelopt (weapon) {flame, Str+2 Int+5}
   (You found it on level 7 of the Dungeon)

   Str:       It affects your strength (+2).
   Int:       It affects your intelligence (+5).
 B - a +1 trident of protection
Armour
 m - a scarf of resistance (worn)
Magical Staves
 e - a staff of air
 s - a staff of poison
Jewellery
 g - a ring of magical power (left hand)
 h - a +6 ring of dexterity
 r - a +4 ring of protection
Wands
 c - a wand of flame (12) (quivered)
 t - a wand of charming (9)
Scrolls
 b - 4 scrolls of enchant armour
 f - 4 scrolls of amnesia
 i - a scroll of fear
 n - 2 scrolls of fog
 u - a scroll of brand weapon
 w - a scroll of teleportation
 x - a scroll of identify
 z - a scroll of noise {unknown}
 A - a scroll of summoning {unknown}
 E - a scroll of magic mapping
Potions
 a - a potion of magic
 d - a potion of haste
 k - 4 potions of degeneration {unknown}
 l - 2 potions of invisibility
 o - 3 potions of resistance
 p - 2 potions of lignification {unknown}
 v - a potion of might {unknown}
 C - a potion of ambrosia
 D - a potion of attraction {unknown}


   Skills:
 + Level 3.8 Fighting
 + Level 4.2(6.9) Polearms
 + Level 8.5(9.0) Staves
 + Level 4.7 Dodging
 + Level 3.5 Stealth
 + Level 3.5 Spellcasting
 + Level 5.6 Conjurations
 + Level 3.2 Translocations
 + Level 3.6 Air Magic
 + Level 3.0 Poison Magic
 + Level 3.3 Evocations


You had 9 spell levels left.
You knew the following spells:

 Your Spells              Type           Power      Damage    Failure   Level
a - Magic Dart            Conj           100%       1d8       1%          1
b - Searing Ray           Conj           72%        2d7       1%          2
c - Iskenderun's Mystic   Conj/Tloc      29%        2d7       13%         4

Your spell library contained the following spells:

 Spells                   Type           Power      Damage    Failure   Level
 Beastly Appendage        Tmut           8%         N/A       8%          1
 Dazzling Flash           Conj/Hex       40%        N/A       8%          3
 Wereblood                Tmut           4%         N/A       12%         2
 Spider Form              Tmut/Pois      13%        N/A       13%         3
 Fulminant Prism          Conj/Hex       10%        3d9       24%         4
 Borgnjor's Revivificati  Necr           2%         N/A       100%        8
 Necromutation            Tmut/Necr      2%         N/A       100%        8
 Chain Lightning          Conj/Air       15%        3d20      100%        9
 Death's Door             Necr           2%         N/A       100%        9
 Fire Storm               Conj/Fire      10%        8d3       100%        9
 Shatter                  Erth           2%         3d6*      100%        9


Dungeon Overview and Level Annotations

Branches:
Dungeon (8/15)             Temple (0/1) D:4           Sewer (visited)
   Lair: D:8-11

Altars:
Cheibriados
Dithmenos
Ru
The Shining One

Shops:
D:3 ((   D:5 ([(

Annotations:
D:8 Erica


Innate Abilities, Weirdness & Mutations

You can breathe wild blasts of lightning.
Your glossy black scales are hard. (AC +7)
You cannot fit into any form of body armour.
You are resistant to electric shocks. (rElec)
You are cold-blooded and may be slowed by cold attacks.


Message History

Okay, then.
You close the door.
You feel very sick.
You feel very sick.
Erica breaks down the door.
Erica gestures at you while chanting. You resist with significant effort.
Casting: Iskenderun's Mystic Blast (dangerous; 13% risk of failure)
Confirm with . or Enter, or press ? or * to list all spells.
Aiming: Searing Ray (safe; 1% risk of failure)
Press: ? - help, Shift-Dir - straight line, f/p - Erica
Aim: Erica, wielding a +0 scimitar of flaming and wearing a +2 robe of cold resistance (severely wounded, 78% to hit)
The searing ray misses Erica. (Press . to maintain the ray.)
You feel very sick.
The searing ray hits Erica!
Erica is almost dead.
You feel sick. Erica casts a spell at you. The bolt of poison hits you!!
You are more poisoned.
* * * LOW HITPOINT WARNING * * *
The searing ray hits Erica.
Erica is almost dead.
* * * LOW HITPOINT WARNING * * *
You feel extremely sick. Erica closely misses you.
Unknown command.
It was a potion of ambrosia.
You are confused.
You feel invigorated.
You feel very sick.
Erica hits you with a +0 scimitar of flaming.
* * * LOW HITPOINT WARNING * * *
Erica points at you and mumbles some strange words.
The lance of force hits you.
* * * LOW HITPOINT WARNING * * *
You are knocked back by the lance of force.
You slam into the rock wall!
You die...

#########..#....#.....
......##..#....#..##.
.....##..#....#..##.
.....#..'....#.....
... #..#....#.....
###'###..#....#..##.
+..@.##'##....#..##'
#........#....#.....
#..@.....#....#.....
#+######+#....#..###
..#######.. #.. #..
#.. ###


You could see Erica.

Vanquished Creatures
  Pikel (D:7)
  Maggie (D:7)
  4 yaks (D:8)
  2 steam dragons
  A sky beast (D:6)
  2 ice beasts
  3 black bears
  2 ogres
  A centaur (D:6)
  3 phantoms
  2 bullfrogs (D:7)
  6 kobold brigands
  A gnoll sergeant (D:5)
  2 scorpions
  5 howler monkeys
  2 jellies
  4 orc priests
  A gnoll bouda (D:5)
  7 hounds
  2 iguanas (D:7)
  3 orc wizards
  A sleepcap (D:6)
  5 gnolls (D:5)
  2 river rats
  5 adders
  An ufetubus (D:5)
  8 worms
  A dart slug (D:1)
  10 orcs
  9 endoplasms
  2 giant cockroaches
  4 goblins
  4 hobgoblins
  22 kobolds
  3 quokkas
  12 ball pythons
  3 bats
  A frilled lizard (D:1)
  15 rats
163 creatures vanquished.

Notes
Turn   | Place    | Note
-------+----------+-------------------------------------------
     0 | D:1      | hawla the Draconian Conjurer began the quest for the Orb.
     0 | D:1      | Reached XP level 1. HP: 14/14 MP: 3/3
   145 | D:1      | Found a faded altar of an unknown god.
   221 | D:1      | Reached XP level 2. HP: 11/20 MP: 3/5
   291 | D:1      | Learned a level 2 spell: Searing Ray
   368 | D:1      | Reached skill level 1 in Staves
   881 | D:2      | Found a snail-covered altar of Cheibriados.
  1034 | D:2      | Reached skill level 2 in Staves
  1034 | D:2      | Reached XP level 3. HP: 26/26 MP: 1/6
  1957 | D:3      | Found a glowing drain.
  1965 | D:3      | Reached skill level 1 in Air Magic
  1965 | D:3      | Reached XP level 4. HP: 33/33 MP: 7/7
  1970 | D:3      | Learned a level 4 spell: Iskenderun's Mystic Blast
  1987 | Sewer    | Entered a sewer
  2127 | Sewer    | Reached skill level 1 in Evocations
  2318 | Sewer    | Noticed a kobold brigand
  2326 | Sewer    | Killed a kobold brigand
  2327 | Sewer    | Reached skill level 3 in Staves
  2327 | Sewer    | Reached skill level 1 in Translocations
  2327 | Sewer    | Reached XP level 5. HP: 28/38 MP: 7/8
  2523 | Sewer    | Reached XP level 6. HP: 36/45 MP: 2/9
  2916 | Sewer    | Reached skill level 4 in Staves
  3180 | D:3      | Found Ziheqef's Weapon Shoppe.
  3366 | D:3      | Found Fianuaps's Antique Weapon Boutique.
  4023 | D:4      | Your scales start taking on a glossy black colour.
  4023 | D:4      | Reached XP level 7. HP: 50/50 MP: 10/10
  4023 | D:4      | Gained mutation: You are resistant to electric shocks.
                  | (rElec) [Black Draconian growth]
  4026 | D:4      | Reached skill level 1 in Poison Magic
  4032 | D:4      | Reached skill level 5 in Staves
  4211 | D:4      | Noticed a steam dragon
  4240 | D:4      | Killed a steam dragon
  4449 | D:4      | Reached skill level 6 in Staves
  4558 | D:4      | Found a staircase to the Ecumenical Temple.
  4677 | D:4      | Reached XP level 8. HP: 55/57 MP: 11/11
  4749 | D:4      | Reached skill level 7 in Staves
  5053 | D:5      | Entered Level 5 of the Dungeon
  5354 | D:5      | Found Gajy's Armour Shop.
  5369 | D:5      | Found Nuoxt's Antique Weapon Emporium.
  5379 | D:5      | Reached skill level 8 in Staves
  5529 | D:5      | Found Muze Ker's Antique Weapon Shop.
  5536 | D:5      | Reached skill level 1 in Fighting
  6320 | D:6      | Reached skill level 1 in Polearms
  6459 | D:6      | Reached XP level 9. HP: 62/67 MP: 13/13
  6784 | D:6      | Found a sacrificial altar of Ru.
  6784 | D:6      | Found a glowing golden altar of the Shining One.
  7070 | D:7      | Identified the +7 spear of Xeelopt {flame, Str+2 Int+5}
  7159 | D:7      | Found a shadowy altar of Dithmenos.
  7615 | D:7      | Noticed Maggie
  7633 | D:7      | Killed Maggie
  7977 | D:7      | Reached skill level 5 in Conjurations
  7993 | D:7      | Noticed Pikel
  8010 | D:7      | Killed Pikel
  8722 | D:8      | Reached XP level 10. HP: 42/78 MP: 10/15
  8885 | D:8      | Noticed Erica
  8901 | D:8      | Collided with a rock wall

Illustrated notes

Levels and vault maps discovered:
D:1:      dpeg_arrival_ratfight, layout_loops_cross,
          hellmonk_ecumenical_altar_blasted, minmay_pentomino_u2
D:2:      layout_loops_cross, basic_altar
D:3:      layout_basic, serial_shops, shop_statue, shop,
          cheibrodos_sewer_entry_sluice
D:4:      layout_loops_ring, temple_statues, kennysheep_dice
D:5:      layout_basic, serial_shops, shop, kennysheep_mini,
          nicolae_shop_competitors_out_of_business, nicolae_grassy_gnolls
D:6:      layout_rooms, gammafunk_temple_overflow_wave, minmay_door_square,
          chequers_serial_rivers_small_a
D:7:      layout_layer_cave, grunt_dithmenos_smoke_and_mirrors, uniq_pikel,
          uniq_maggie
D:8:      layout_gridville, uniq_erica, uniq_maurice

Skill      XL: |  1  2  3  4  5  6  7  8  9 |
---------------+----------------------------+-----
Staves         | 2 3 4 6 8 |  8.5
Air Magic      | 1 2 3 |  3.6
Evocations     | 1 2 3 |  3.3
Translocations | 1 2 3 |  3.2
Poison Magic   | 2 3 |  3.0
Dodging        | 3 4 |  4.7
Stealth        | 2 3 |  3.5
Fighting       | 1 3 |  3.8
Polearms       | 1 4 |  4.2
Spellcasting   | 3 |  3.5
Conjurations   | 5 |  5.6

Action                     |  1- 3 |  4- 6 |  7- 9 | 10-12 || total
---------------------------+-------+-------+-------+-------++-------
  Melee: Staff             |   135 |   108 |   106 |       ||   349
         Tailslap          |    17 |     9 |    21 |     1 ||    48
         Unarmed           |     1 |       |       |       ||     1
         Punch             |       |     1 |     2 |       ||     3
         Trident           |       |       |    51 |       ||    51
         Spear             |       |       |    56 |     5 ||    61
   Cast: Magic Dart        |    17 |    12 |    13 |       ||    42
         Searing Ray       |     6 |    24 |    39 |     3 ||    72
         Iskenderun's Myst |       |     2 |    18 |     4 ||    24
  Evoke: Wand              |       |       |     4 |       ||     4
    Use: Scroll            |     8 |       |     8 |       ||    16
         Potion            |       |       |     4 |     1 ||     5
   Stab: Sleeping          |     2 |     1 |     4 |       ||     7
         Distracted        |       |       |     1 |       ||     1
 Armour: Skin              |    45 |    40 |   136 |     1 ||   222
  Dodge: Dodged            |    92 |    88 |   201 |     3 ||   384
